 Seeded DCSS version 0.31-a0-121-g1e386dd289 (webtiles) character file.

Game seed: 2700300885133496189 (custom seed)

132 Pimp the Ducker (level 4, -2/23 HPs)
             Began as a Spriggan Fighter on May 31, 2023.
             Slain by Duvessa
             ... wielding a +0 short sword
              (4 damage)
             ... on level 4 of the Dungeon.
             The game lasted 00:07:20 (2582 turns).

Pimp the Ducker (Spriggan Fighter)                  Turns: 2582, Time: 00:07:21

Health: -2/23      AC:  4    Str: 12    XL:     4   Next: 92%
Magic:  5/5        EV: 19    Int:  9    God:
Gold:   225        SH:  0    Dex: 16    Spells: 4/4 levels left

rFire   . . .        l - +6 dagger of the Imperium {spect, rElec}
rCold   . . .        (no shield)
rNeg    . . .        t - +2 robe {Will+}
rPois   .            (helmet restricted)
rElec   +            (no cloak)
rCorr   .            (gloves unavailable)
SInv    +            (boots unavailable)
Will    ++...        (no amulet)
Stlth   ++           r - ring of willpower
HPRegen 0.23/turn    (no ring)
MPRegen 0.09/turn

%: no passive effects
@: very quick
A: very small, no large weapons, unfitting armour, see invisible, speed 3
a: no special abilities


You were on level 4 of the Dungeon.
You visited 1 branch of the dungeon, and saw 4 of its levels.

You collected 225 gold pieces.

Inventory:

Hand Weapons
 a - a +0 rapier
 g - a +2 orcbow of draining
 l - the +6 dagger of the Imperium (weapon) {spect, rElec}
   (You found it on level 2 of the Dungeon)

   rElec:     It insulates you from electricity.
Armour
 b - a +0 robe
 c - a +1 buckler
 h - a +0 pair of gloves
 t - a +2 robe of willpower (worn)
Jewellery
 r - a ring of willpower (left hand)
Scrolls
 i - 5 scrolls of identify
 k - a scroll of fear
 m - 2 scrolls of enchant armour
 o - a scroll of amnesia
 q - a scroll of blinking {unknown}
Potions
 d - a potion of might
 e - a potion of curing {unknown}
 f - a potion of ambrosia
 j - a potion of haste
 n - a potion of magic {unknown}
 p - a potion of degeneration {unknown}
 s - a potion of brilliance {unknown}


   Skills:
 + Level 2.9 Fighting
 + Level 3.3 Short Blades
 * Level 0.9 Ranged Weapons
 + Level 4.8 Dodging
 + Level 2.2 Stealth
 + Level 2.7 Shields
 + Level 0.6 Spellcasting


You had 4 spell levels left.
You didn't know any spells.
Your spell library contained the following spells:

 Spells                   Type           Power      Damage    Failure   Level
 Ozocubu's Armour         Ice            0%         N/A       75%         3
 Iskenderun's Battlesphe  Conj           0%         2d6       100%        5
 Metabolic Englaciation   Hex/Ice        0%         N/A       100%        5
 Leda's Unmaking          Conj/Erth      0%         9d1       100%        6
 Simulacrum               Ice/Necr       0%         N/A       100%        6
 Spellforged Servitor     Conj/Summ      0%         N/A       100%        7


Dungeon Overview and Level Annotations

Branches:
Dungeon (4/15)
 Temple: D:4-7

Altars:
Sif Muna
Vehumet
Yredelemnul
Zin

Annotations:
D:4 Duvessa


Innate Abilities, Weirdness & Mutations

You are very small and have problems with some larger weapons.
You are too small for most types of armour.
You have supernaturally acute eyesight. (SInv)
You cover ground extremely quickly. (Speed+++)


Message History

l - the +6 dagger of the Imperium (weapon)
{spect, rElec} Dowan points at you and mumbles some strange words.
The puff of frost hits you.
You puncture Dowan!
Dowan is almost dead.
Your +6 dagger of the Imperium {spect, rElec} hits Dowan but does no damage.
Dowan points at you and mumbles some strange words.
You resist with almost no effort. The iguana closely misses you.
You hit Dowan.
You kill Dowan!
Duvessa weeps, and shakes her weapon.
Duvessa goes berserk!
Your +6 dagger of the Imperium {spect, rElec} disappears.
Your Stealth skill increases to level 2!
You completely miss Duvessa.
Duvessa is heavily wounded.
Your +6 dagger of the Imperium {spect, rElec} hits Duvessa.
The iguana misses you. Duvessa hits you with a +0 short sword.
You hit Duvessa but do no damage.
Duvessa is severely wounded.
Your +6 dagger of the Imperium {spect, rElec} barely misses Duvessa.
Duvessa misses you. The iguana misses you.
Unknown command.
You hit Duvessa but do no damage.
Duvessa is severely wounded.
Your +6 dagger of the Imperium {spect, rElec} hits Duvessa.
Duvessa misses you. The iguana bites you!
* * * LOW HITPOINT WARNING * * *
A phantom comes into view.
Duvessa closely misses you.
Okay, then.
Your +6 dagger of the Imperium {spect, rElec} disappears.
Unknown command.
Duvessa completely misses you.
You see here a +0 short sword.
You closely miss Duvessa.
Duvessa is severely wounded.
Your +6 dagger of the Imperium {spect, rElec} barely misses Duvessa.
Duvessa hits you with a +0 short sword.
You die...

#############
#.<..##.....##
#............#
#######......+
##...###'#####
#....##...####.
#....@.........
#....(e........
##...##S..####..
##...##l..####+##
#....+..........#
#.>..#......<)..#
#.....#.....##..#
##....####### ..#
####.# e...


You could see Duvessa (berserk, drained), an iguana, a ball python and a
friendly +6 dagger of the Imperium {spect, rElec}.

Vanquished Creatures
  Dowan (D:4)
  4 adders
  2 orcs
  4 bats (D:1)
  3 endoplasms
  2 giant cockroaches
  3 hobgoblins
  6 kobolds
  2 quokkas (D:1)
  7 ball pythons
  2 frilled lizards
  5 goblins
  9 rats
50 creatures vanquished.

Notes
Turn   | Place    | Note
-------+----------+-------------------------------------------
     0 | D:1      | Pimp the Spriggan Fighter began the quest for the Orb.
     0 | D:1      | Reached XP level 1. HP: 11/11 MP: 2/2
   136 | D:1      | Reached XP level 2. HP: 16/16 MP: 3/3
   733 | D:1      | Reached XP level 3. HP: 19/19 MP: 4/4
   928 | D:2      | Reached skill level 1 in Stealth
  1528 | D:2      | Identified the +6 dagger of the Imperium {spect, rElec}
  1652 | D:3      | Reached XP level 4. HP: 23/23 MP: 5/5
  1909 | D:3      | Identified a scroll of acquirement
  1909 | D:3      | Acquired a +2 orcbow of draining
  1946 | D:3      | Found a glowing silver altar of Zin.
  1947 | D:3      | Found a shimmering blue altar of Sif Muna.
  1955 | D:3      | Found a radiant altar of Vehumet.
  1956 | D:3      | Found a basalt altar of Yredelemnul.
  2561 | D:4      | Noticed Duvessa
  2562 | D:4      | Noticed Dowan
  2569 | D:4      | Killed Dowan
  2572 | D:4      | HP: 1/23 [iguana (11)]
  2572 | D:4      | Noticed a phantom
  2582 | D:4      | Slain by Duvessa

Illustrated notes

Levels and vault maps discovered:
D:1:      sevenhm_arrival_forest_fort_small_4, layout_basic,
          kennysheep_pointless_box, minmay_misc_feat_x
D:2:      layout_basic
D:3:      layout_basic, chequers_temple_overflow_statue_of_worship, st_stairs_6,
          minivault_5
D:4:      layout_gridville, temple_fountains, minmay_unequal, uniq_sigmund,
          uniq_duvessa

Skill      XL: |  1  2  3  4 |
---------------+-------------+-----
Stealth        | 1 2 |  2.2
Short Blades   | 3 |  3.3
Fighting       | |  2.9
Ranged Weapons | |  0.9
Dodging        | |  4.8
Shields        | |  2.7
Spellcasting   | |  0.6

Action                     |  1- 3 |  4- 6 || total
---------------------------+-------+-------++-------
  Melee: Rapier            |   139 |       ||   139
         Dagger            |     1 |    11 ||    12
   Fire: Orcbow            |       |    16 ||    16
    Use: Scroll            |     5 |     4 ||     9
         Potion            |     1 |       ||     1
   Stab: Sleeping          |     2 |       ||     2
 Armour: Robe              |    12 |       ||    12
  Dodge: Dodged            |    92 |    11 ||   103
  Block: Buckler           |    27 |     2 ||    29

Table legend: (Time is in decaauts)
 A = Elapsed time spent in this place.
 B = Non-inter-level travel time spent in this place.
 C = Inter-level travel time spent in this place.
 D = Time resting spent in this place.
 E = Time spent auto-exploring this place.
 F = Levels seen in this place.
 G = Mean time per level.
                   A        B        C        D        E       F      G
               +--------+--------+--------+--------+--------+-----+--------+
         Total |   1790 |   1756 |     34 |    152 |   1210 |   4 |  447.5 |
       Dungeon |   1790 |   1756 |     34 |    152 |   1210 |   4 |  447.5 |
               +--------+--------+--------+--------+--------+-----+--------+

Top non-repeatable levels by time:
     D:1: 642 daAuts
     D:3: 638 daAuts
     D:2: 469 daAuts
     D:4: 40 daAuts
